 Dungeon Crawl Stone Soup version 0.24.0 (webtiles) character file.

Game seed: 2290081892973749148, levelgen mode: deterministic

55 Mrkan the Chopper (level 3, -1/34 HPs)
             Began as a Minotaur Monk on Oct 24, 2019.
             Slain by an orc wizard
             ... wielding a +2 dagger of flaming
              (4 damage)
             ... on level 3 of the Dungeon on Oct 25, 2019.
             The game lasted 00:02:21 (1160 turns).

Mrkan the Chopper (Minotaur Monk)                   Turns: 1160, Time: 00:02:22

Health: -1/34      AC:  4    Str: 16    XL:     3   Next: 67%
Magic:  2/2        EV: 13    Int:  7    God:
Gold:   122        SH:  0    Dex: 12    Spells: 2/2 levels left

rFire    . . .     SeeInvis .   a - +0 hand axe
rCold    . . .     Gourm    .   (no shield)
rNeg     . . .     Faith    .   b - +0 robe
rPois    .         Spirit   .   (helmet restricted)
rElec    .         Reflect  .   (no cloak)
rCorr    .         Harm     .   g - +0 pair of gloves
MR       .....                  l - +0 pair of boots
Stlth    ++........             (no amulet)
HPRegen  0.11/turn              (no ring)
MPRegen  0.08/turn              (no ring)

@: no status effects
A: retaliatory headbutt, horns 2
a: no special abilities


You were on level 3 of the Dungeon.
You were not hungry.

You visited 1 branch of the dungeon, and saw 4 of its levels.

You collected 122 gold pieces.

Inventory:

Hand Weapons
 a - a +0 hand axe (weapon)
Missiles
 e - 86 stones (quivered)
Armour
 b - a +0 robe (worn)
 g - a +0 pair of gloves (worn)
 l - a +0 pair of boots (worn)
Scrolls
 f - 5 scrolls of identify {unknown}
 j - 2 scrolls of magic mapping {unknown}
Potions
 d - 2 potions of invisibility {unknown}
 h - a potion of lignification {unknown}
 i - a potion of flight {unknown}
 k - a potion of mutation {unknown}
 m - a potion of heal wounds {unknown}
Comestibles
 c - 2 rations


   Skills:
 + Level 4.3 Fighting
 * Level 5.1 Axes
 - Level 3.2 Dodging
 - Level 1.5 Stealth


You had 2 spell levels left.
You didn't know any spells.
Your spell library was empty.

Dungeon Overview and Level Annotations

Branches:
Dungeon (4/15)
 Temple: D:4-7

Altars:

Annotations:
D:4 Edmund


Innate Abilities, Weirdness & Mutations

You reflexively headbutt those who attack you in melee.
You have a pair of horns on your head.


Message History

Found a stone staircase leading down.
The bat completely misses you. You furiously retaliate!
You headbutt the bat, but do no damage. The bat barely misses you.
The bat hits you but does no damage. The gnoll hits you but does no damage.
The bat misses you. The gnoll closely misses you.
The orc wizard mumbles some strange words.
The orc wizard blinks!
The gnoll closely misses you. The bat misses you.
The orc wizard casts a spell at you. The magic dart hits you!
* * * LOW HITPOINT WARNING * * *
The gnoll closely misses you.
Found a stone staircase leading up.
There is a stone staircase leading up here.
The bat misses you.
The orc wizard hits you with a +2 dagger of flaming!
* * * LOW HITPOINT WARNING * * *
The orc wizard burns you.
You die...

####....###..#..
...............##....
######.##...##.## .....
#...".. ##...#.###...#
#......##.............
#.........#..#.##...# .
#.......###....##.#.#...
#.......###...o.........
####..#.....o.lg@.......
##.........g..o......
######...gg.b.......
#..............
#..............
#......>......<
#........>.....
##....$........


You could see an orc wizard, 4 gnolls, 2 orcs, a bat and a frilled lizard.

Vanquished Creatures
  An adder (D:2)
  An ooze (D:1)
  A worm (D:2)
  A dart slug (D:2)
  2 leopard geckos
  3 bats (D:1)
  A giant cockroach (D:2)
  3 goblins
  7 hobgoblins
  3 kobolds
  A quokka (D:2)
  A ball python (D:2)
  A frilled lizard (D:2)
  A jackal skeleton (D:4)
  7 rats (D:1)
34 creatures vanquished.

Notes
Turn   | Place    | Note
-------+----------+-------------------------------------------
     0 | D:1      | Mrkan the Minotaur Monk began the quest for the Orb.
     0 | D:1      | Reached XP level 1. HP: 19/19 MP: 0/0
   105 | D:1      | Reached skill level 4 in Axes
   105 | D:1      | Reached XP level 2. HP: 13/27 MP: 1/1
   751 | D:2      | Reached XP level 3. HP: 23/33 MP: 2/2
   885 | D:2      | Reached skill level 5 in Axes
  1060 | D:2      | You fall into a shaft and drop 2 floors!
  1077 | D:4      | Noticed Edmund
  1084 | D:4      | Noticed an ogre
  1160 | D:3      | Slain by an orc wizard

Levels and vault maps discovered:
D:1:      tarquinn_simple_flora_water_e, layout_rooms, roderic_lattice_a
D:2:      layout_basic, hex_medium
D:3:      layout_rooms, uniq_jessica
D:4:      layout_loops_corners, minmay_temple_entry_butterflies, serial_shops,
          shop, nicolae_shop_stone, uniq_edmund
